 Dungeon Crawl Stone Soup version 0.24.1-8-ga250c9d538 (webtiles) character file.

Game seed: 12622251592745010260, levelgen mode: deterministic

116 Hugehornet the Chopper (level 5, -4/45 HPs)
             Began as a Hill Orc Fighter on Apr 29, 2020.
             Was an Initiate of Beogh.
             Slain by a sky beast (6 damage)
             ... on level 3 of the Dungeon.
             The game lasted 00:03:56 (2200 turns).

Hugehornet the Chopper (Hill Orc Fighter)           Turns: 2200, Time: 00:03:56

Health: -4/45      AC:  6    Str: 20    XL:     5   Next: 0%
Magic:  5/5        EV:  7    Int:  8    God:    Beogh [......]
Gold:   73         SH:  9    Dex: 10    Spells: 4/4 levels left

rFire    . . .     SeeInvis .   a - +0 war axe
rCold    . . .     Gourm    .   c - +0 shield
rNeg     . . .     Faith    .   b - +0 scale mail
rPois    .         Spirit   .   (no helmet)
rElec    .         Reflect  .   (no cloak)
rCorr    .         Harm     .   (no gloves)
MR       .....                  (no boots)
Stlth    ..........             g - amulet of rage
HPRegen  0.15/turn              (no ring)
MPRegen  0.09/turn              (no ring)

@: no status effects
A: no striking features
a: Renounce Religion, Evoke Berserk Rage


You were on level 3 of the Dungeon.
You worshipped Beogh.
Beogh was noncommittal.
You were very hungry.

You visited 1 branch of the dungeon, and saw 3 of its levels.

You collected 73 gold pieces.

Inventory:

Hand Weapons
 a - a +0 war axe (weapon)
Armour
 b - a +0 scale mail (worn)
 c - a +0 shield (worn)
Jewellery
 g - an amulet of rage (around neck)
Scrolls
 e - 3 scrolls of remove curse {unknown}
 h - 2 scrolls of enchant weapon {unknown}
 i - 3 scrolls of teleportation {unknown}
 l - a scroll of identify {unknown}
Potions
 d - 3 potions of might
 j - 3 potions of heal wounds {unknown}
 k - a potion of mutation {unknown}
Comestibles
 f - 2 rations


   Skills:
 - Level 3.6 Fighting
 * Level 6.6 Axes
 - Level 3.2 Armour
 - Level 3.2 Shields


You had 4 spell levels left.
You didn't know any spells.
Your spell library was empty.

Dungeon Overview and Level Annotations

Branches:
Dungeon (3/15)

Altars:
Dithmenos


Message History

You have reached level 5!
You feel stronger. You block the sky beast's attack.
The sky beast barely misses you.
You miss the sky beast.
The sky beast is heavily wounded.
The sky beast misses you.
You slash the sky beast!
The sky beast is almost dead.
You block the sky beast's attack.
You closely miss the sky beast.
The sky beast is almost dead.
The sky beast flickers out of sight!
Deactivating autopickup; reactivate with Ctrl-A.
You block something's attack.
Found 16 sling bullets.
Items here: ))) ††† You miss something.
Something hits you.
* * * LOW HITPOINT WARNING * * *
Something shocks you.
You die...

#.>...#..#.# #
###..#o.#..#.#.#
..........#.#.#
###..............
.......).)...#..#
.###....).)......#
........)#..####.
.#.....{)#..#
.....o.@.#.<#
.#.##....#..#
........#..#
#.##.#...... .(
..#..#..# .
....#.#..#
..........# #...
.#.#..#


You could see a neutral orc priest (wandering) and a neutral orc (wandering).

Vanquished Creatures
  Robin (D:3)
  3 adders (D:2)
  2 worms (D:2)
  A leopard gecko (D:1)
  3 giant cockroaches
  15 goblins
  8 hobgoblins
  5 jackals (D:1)
  13 kobolds
  3 ball pythons (D:2)
  6 bats
  6 rats (D:1)
66 creatures vanquished.

Vanquished Creatures (others)
  An orc (D:3)
1 creature vanquished.

Grand Total: 67 creatures vanquished

Notes
Turn   | Place    | Note
-------+----------+-------------------------------------------
     0 | D:1      | Hugehornet the Hill Orc Fighter began the quest for the
                  | Orb.
     0 | D:1      | Reached XP level 1. HP: 19/19 MP: 1/1
    49 | D:1      | Reached skill level 3 in Axes
    97 | D:1      | Reached XP level 2. HP: 22/26 MP: 2/2
   178 | D:1      | Reached skill level 4 in Axes
   621 | D:1      | Reached XP level 3. HP: 31/31 MP: 3/3
   972 | D:1      | Reached skill level 5 in Axes
  1545 | D:2      | Reached XP level 4. HP: 23/39 MP: 4/4
  1714 | D:2      | Found a shadowy altar of Dithmenos.
  1924 | D:2      | Reached skill level 6 in Axes
  2181 | D:3      | Noticed Robin
  2183 | D:3      | Became a worshipper of Beogh the Brigand
  2183 | D:3      | Noticed a sky beast
  2189 | D:3      | Killed Robin
  2192 | D:3      | HP: 1/39 [sky beast (5)]
  2193 | D:3      | Reached XP level 5. HP: 1/45 MP: 5/5
  2200 | D:3      | HP: 2/45 [something (1)]
  2200 | D:3      | Slain by a sky beast

Levels and vault maps discovered:
D:1:      eino_arrival_water_star, layout_loops_corners, serial_forest,
          infiniplex_forest_lined_corner, infiniplex_forest_end_3,
          infiniplex_forest_straight_5, infiniplex_forest_end_1,
          infiniplex_forest_clump_double, infiniplex_forest_clump_cross,
          minmay_heptomino_o4
D:2:      layout_rooms, nicolae_dithmenos_shadow_blocks
D:3:      layout_basic, first_ration, uniq_grinder, uniq_terence, uniq_robin

Skill      XL: |  1  2  3  4 |
---------------+-------------+-----
Axes           | 3 4 5 6 |  6.6
Fighting       | |  3.6
Armour         | |  3.2
Shields        | |  3.2

Action                   |  1- 3 |  4- 6 || total
-------------------------+-------+-------++-------
Melee: War axe           |   134 |    60 ||   194
Invok: Convert to Beogh  |       |     1 ||     1
  Eat: Ration            |     1 |       ||     1
Armor: Scale mail        |    67 |    31 ||    98
Dodge: Dodged            |    32 |    22 ||    54
Block: Shield            |    74 |    39 ||   113
